AoeStats
← Green Assassin

African Clearing

504284618Analyzed
4v4 RM · 28d ago on Sep 4, 2026· 44m 28s· 8 players
Game mode
Random Map
Map size
Large (8 player)
Population
200
Speed
Normal
Resources
Standard
Victory
Conquest
Starting age
Dark Age
Ending age
Imperial Age
RankedLock teamsTeams togetherTeam positionsShared explorationLock speedFull tech treeHidden civsTurbo modeCheats
Victory
Defeat
🇫🇷 Vietnamese · France
1287
+13
🇫🇷 Cumans · France
1229
+15
🇧🇩 Lithuanians · Bangladesh
1222
+16
🇹🇼 Saracens · Taiwan
1202
+17
🇫🇷 Aztecs · France
1256
-18
🇨🇦 Goths · Canada
1216
-15
🇲🇽 Gurjaras · Mexico
1198
-14
🇩🇪 Japanese · Germany
1184
-14
Sahraoui
7:05 Loom
12:53 Feudal Age
13:52 Double-Bit Axe
15:32 Horse Collar
20:31 Man-at-Arms
21:49 Scale Mail Armor
26:23 Forging
27:32 Wheelbarrow
31:30 Castle Age
30:29 Scale Barding Armor
30:36 Bloodlines
32:01 Long Swordsman
32:47 Capped Ram
43:38 Imperial Age
41:41 Bow Saw
41:34 Heavy Plow
41:58 Hand Cart
41:29 Town Watch
41:40 Gold Mining
41:40 Stone Mining
Aiden
7:04 Loom
14:05 Feudal Age
15:19 Double-Bit Axe
18:15 Castle Age
16:53 Gold Mining
16:49 Horse Collar
19:37 Wheelbarrow
19:24 Bow Saw
20:25 Heavy Plow
22:46 Town Watch
23:28 Stone Mining
31:36 Imperial Age
29:50 Scale Mail Armor
30:00 Forging
30:26 Squires
29:47 Pikeman
31:15 Chain Mail Armor
31:58 Iron Casting
31:47 Bloodlines
31:45 Husbandry
32:05 Halberdier
33:36 Fletching
34:28 Bodkin Arrow
35:26 Capped Ram
36:27 Hand Cart
36:44 Plate Mail Armor
36:18 Chatras
36:40 Paper Money
36:42 Elite Fire Lancer
38:37 Elite Battle Elephant
39:27 Scale Barding Armor
39:58 Town Patrol
43:42 Bracer
44:04 Ballistics
44:47 Chemistry
43:43 Cavalier
43:43 Light Cavalry
44:25 Padded Archer Armor
44:46 Chain Barding Armor
44:32 Padded Archer Armor
CumansCumin
7:01 Loom
13:52 Feudal Age
17:49 Castle Age
16:43 Double-Bit Axe
17:18 Horse Collar
19:38 Bow Saw
21:20 Heavy Plow
22:41 Wheelbarrow
24:24 Fervor
26:43 Gold Mining
26:45 Stone Mining
30:17 Husbandry
30:28 Bloodlines
29:39 Light Cavalry
35:10 Imperial Age
33:21 Hand Cart
32:51 Town Watch
33:13 Scale Barding Armor
33:18 Forging
34:08 Stone Shaft Mining
34:00 Hill Forts
35:47 Chain Barding Armor
36:02 Iron Casting
36:39 Conscription
35:40 Elite Leitis
37:52 Two-Man Saw
36:58 Murder Holes
37:24 Ballistics
38:04 Chemistry
38:32 Plate Barding Armor
42:43 Coinage
42:13 Caravan
qwerasdfzxcv110
12:15 Feudal Age
17:59 Castle Age
16:58 Double-Bit Axe
17:32 Horse Collar
19:51 Bow Saw
21:36 Loom
26:42 Gold Mining
26:59 Town Watch
29:54 Husbandry
30:31 Heavy Plow
31:10 Wheelbarrow
33:23 Imperial Age
31:08 Forging
31:51 Gold Shaft Mining
31:07 Stone Mining
31:15 Stone Mining
32:17 Bloodlines
32:33 Hand Cart
33:10 Iron Casting
32:57 Scale Barding Armor
35:07 Chemistry
34:34 Conscription
34:51 Hoardings
35:20 Ballistics
34:31 Elite Mameluke
37:27 Blast Furnace
36:48 Chain Barding Armor
43:26 Caravan
BenjLike
7:33 Loom
14:42 Feudal Age
15:17 Double-Bit Axe
19:23 Castle Age
19:45 Fishing Lines
21:39 Bow Saw
23:40 Town Watch
26:53 Wheelbarrow
26:02 Horse Collar
26:53 Heavy Plow
26:47 Gold Mining
30:23 Town Patrol
33:03 Hand Cart
35:53 Imperial Age
33:29 Scale Mail Armor
33:41 Forging
33:28 Eagle Warrior
33:55 Arson
34:13 Squires
35:28 Gold Shaft Mining
34:44 Stone Mining
35:10 Chain Mail Armor
35:47 Iron Casting
35:14 Atlatl
35:49 Fletching
36:22 Ballistics
35:43 Treadmill Crane
35:59 Murder Holes
37:12 Plate Mail Armor
37:04 Conscription
37:04 Garland Wars
36:05 Elite Eagle Warrior
36:13 Capped Ram
36:47 Sappers
37:30 Onager
39:20 Blast Furnace
37:56 Elite Jaguar Warrior
38:12 Elite Skirmisher
39:19 Padded Archer Armor
39:10 Fletching
40:22 Chemistry
39:28 Siege Engineers
42:41 Fortified Wall
42:16 Arrowslits
42:22 Guard Tower
42:28 Bodkin Arrow
44:35 Stone Shaft Mining
Green Assassin
5:10 Loom
15:16 Feudal Age
16:58 Double-Bit Axe
22:49 Scale Mail Armor
22:10 Man-at-Arms
22:36 Arson
23:38 Forging
28:49 Fishing Lines
31:29 Castle Age
31:28 Gold Mining
32:04 Long Swordsman
32:45 Squires
32:32 Arson
33:23 Pikeman
34:27 Chain Mail Armor
35:47 Wheelbarrow
41:21 Imperial Age
39:51 Stone Mining
41:09 Bow Saw
41:28 Halberdier
42:41 Plate Mail Armor
43:19 Iron Casting
43:47 Elite Samurai
balgaro
3:40 Loom
14:51 Feudal Age
15:46 Double-Bit Axe
15:48 Horse Collar
18:41 Castle Age
19:48 Bow Saw
20:47 Wheelbarrow
20:14 Heavy Plow
19:44 Man-at-Arms
20:24 Squires
21:12 Stone Mining
21:06 Man-at-Arms
21:46 Squires
22:08 Squires
26:01 Hand Cart
25:48 Gold Mining
28:12 Scale Mail Armor
28:49 Squires
29:15 Forging
29:20 Chain Mail Armor
29:46 Anarchy
30:58 Stone Shaft Mining
31:40 Iron Casting
32:16 Town Watch
34:25 Pikeman
38:13 Imperial Age
38:05 Stone Shaft Mining
38:21 Elite Huskarl
39:22 Conscription
39:03 Perfusion
40:52 Blast Furnace
41:19 Halberdier
KillerChets
6:20 Loom
14:22 Feudal Age
18:41 Castle Age
16:44 Double-Bit Axe
20:32 Bow Saw
20:12 Horse Collar
24:13 Wheelbarrow
23:42 Heavy Plow
23:37 Town Watch
25:06 Scale Barding Armor
26:39 Hand Cart
27:09 Husbandry
27:51 Forging
28:15 Bloodlines
28:47 Town Patrol
30:01 Iron Casting
29:24 Gold Mining
34:01 Imperial Age
32:23 Chain Barding Armor
35:11 Elite Skirmisher
37:14 Fletching
37:25 Padded Archer Armor
39:46 Bodkin Arrow
40:07 Leather Archer Armor
40:17 Ballistics
41:51 Bracer
42:27 Plate Barding Armor
41:59 Heavy Camel Rider
Connection lost

Rejoining the realm…

Still unreachable

The connection could not be restored.

Session expired

The server has moved on; the page needs a fresh start.